[Event "German Bundesliga 2024-25"]
[Site "Germany"]
[Date "2024.11.30"]
[Round "3.13"]
[White "Buckels, Valentin"]
[Black "Blohberger, Felix"]
[Result "1/2-1/2"]
[Annotator "TA"]
[ECO "A46"]
[WhiteElo "2448"]
[BlackElo "2536"]
[PlyCount "145"]
[EventDate "2024.09.27"]
[EventType "team-tourn"]
[EventCountry "GER"]
[SourceTitle "playchess.com"]
[Source "ChessBase"]
[SourceQuality "1"]
[WhiteTeam "Muelheim Nord"]
[BlackTeam "Bayern Muenchen"]
[TimeControl "40/5400+30:1800+30"]

1. d4 Nf6 2. Nf3 e6 3. Bf4 Be7 4. Nbd2 Nh5 5. e3 Nxf4 6. exf4 c5 7. dxc5 Qc7 8. g3 Na6 9. Bg2 Nxc5 10. O-O O-O 11. c4 Bf6 12. Qc2 h6 13. Rad1 Qb6 14. b3 a5 15. Ne4 Nxe4 16. Qxe4 a4 17. Rd3 axb3 18. axb3 Ra3 19. Qe3 Qxe3 20. fxe3 b6 21. Rb1 Rd8 22. Nd4 Ba6 23. Rdd1 Be7 {[%emt 0:05:46] Black is weak on the light squares} 24. Ra1 {[%emt 0:02:26] [#] And now Rxa3 would win.} Ra5 25. Nc2 d5 26. cxd5 exd5 27. Rxa5 bxa5 28. Rxd5 Rxd5 29. Bxd5 $14 {[%emt 0:00:02][%mdl 4096] Endgame. KBB-KBN} Bc5 30. Kf2 Kf8 31. Kf3 Ke7 32. Nd4 Bxd4 33. exd4 {[%emt 0:00:02] KB-KB} f6 34. h4 Kd6 35. Be4 Bc8 36. f5 Bd7 37. Bc2 (37. Ke3 $16) 37... Bc6+ 38. Ke3 Bd7 39. Kd2 Bc6 40. Kc3 Bd5 41. Bd3 Bb7 42. Bc4 Be4 43. Bd3 Bb7 44. Kd2 Bd5 45. Kc2 (45. Bc4 $1 $14 Bf3 46. Be2) 45... Bc6 46. Kb2 Kd5 47. Kc3 Kd6 48. Kd2 Bd5 $1 49. Bc2 (49. Bc4 $1 $14 Be4 50. g4) 49... Bf7 (49... Bc6 $11) 50. Ke3 Bd5 51. Kf4 (51. Kd3 $14) 51... Bf7 52. g4 Be8 (52... Kc6 $11) 53. Bd1 Bf7 54. g5 (54. Ke3 $14) 54... hxg5+ $11 55. hxg5 Bd5 56. g6 Bg8 57. Ke4 Bd5+ 58. Kd3 Bg8 59. Kc3 (59. Kc2 $5 Bd5 $8 60. Kd3 $11) 59... Bd5 {[%emt 0:00:06] Dodges Bf3} 60. Be2 Be4 61. Bd3 Bb7 62. Kd2 Bd5 63. Bc4 {[%emt 0:00:31] [#] Threatens to win with Bxd5.} Be4 64. Be6 Bc6 65. Kd3 Bb7 (65... Bf3 $11 {remains equal.}) 66. Kc4 (66. b4 $16 axb4 67. Kc4) 66... Ba6+ $1 67. Kc3 Bb7 (67... Bb5 $1 $11) 68. b4 $16 axb4+ 69. Kxb4 Bc6 70. Kc4 ({White should play} 70. Kc3 $16) 70... Be8 $1 $11 71. Bc8 Bc6 (71... Kc7 $1 $11 {keeps the balance.} 72. Kd5 Kxc8) 72. Be6 ({Better is} 72. Kc3 $16) 72... Be8 $1 73. Bc8 {[%emt 0:00:13] Weighted Error Value: White=0.14 (very precise) /Black=0.11 (very precise) .  Mistake:       	White=8     	Black=5      Inaccurate:     	White=4     	Black=6      OK:         	White=24    	Black=25     Best:        	White=1     	Black=1      Strong:       	---       	Black=4} 1/2-1/2

[Event "German Bundesliga 2024-25"]
[Site "Germany"]
[Date "2024.11.30"]
[Round "3.14"]
[White "Wagner, Dennis"]
[Black "Sawatzki, Frank"]
[Result "1-0"]
[Annotator "ChessBase"]
[ECO "D11"]
[WhiteElo "2616"]
[BlackElo "2346"]
[PlyCount "59"]
[EventDate "2024.09.27"]
[EventType "team-tourn"]
[EventCountry "GER"]
[SourceTitle "playchess.com"]
[Source "ChessBase"]
[SourceQuality "1"]
[WhiteTeam "Viernheim"]
[BlackTeam "St. Pauli"]
[TimeControl "40/5400+30:1800+30"]

1. d4 d5 2. c4 c6 3. Nf3 Nf6 4. e3 Bg4 5. Qb3 Qb6 6. Ne5 Bf5 7. Nc3 e6 8. c5 Qc7 9. e4 Nxe4 10. Nxe4 Bxe4 11. Bf4 g5 12. Bg3 Qa5+ 13. Kd1 Bg7 14. f3 Bf5 15. Qxb7 Qa4+ 16. Ke1 O-O 17. Rd1 f6 18. Ng4 e5 19. Qxa8 Qa5+ 20. Kf2 Bxg4 21. fxg4 Qc7 22. Bb5 Qd7 23. Ba4 f5 24. gxf5 Qxf5+ 25. Kg1 exd4 26. Bxc6 h5 27. Bxd5+ Kh8 28. Be4 Qf6 29. h4 d3 30. Qd5 1-0

[Event "German Bundesliga 2024-25"]
[Site "Germany"]
[Date "2024.11.30"]
[Round "3.14"]
[White "Movsesian, Sergei"]
[Black "Neuman, Petr"]
[Result "1/2-1/2"]
[Annotator "ChessBase"]
[ECO "B23"]
[WhiteElo "2609"]
[BlackElo "2426"]
[PlyCount "95"]
[EventDate "2024.09.27"]
[EventType "team-tourn"]
[EventCountry "GER"]
[SourceTitle "playchess.com"]
[Source "ChessBase"]
[SourceQuality "1"]
[WhiteTeam "Baden-Baden"]
[BlackTeam "Bad Mergentheim"]
[TimeControl "40/5400+30:1800+30"]

1. e4 c5 2. Nc3 d6 3. Nge2 e5 4. g3 g6 5. Nd5 Bg7 6. d3 Nf6 7. Nxf6+ Bxf6 8. Nc3 Be6 9. Bg2 h5 10. O-O Nc6 11. f4 Bg4 12. Qd2 exf4 13. Qxf4 Bd4+ 14. Be3 Qd7 15. Bxd4 Nxd4 16. Qf6 O-O 17. Qg5 Be6 18. Rf2 Kg7 19. e5 Qd8 20. Qf4 d5 21. Raf1 Nf5 22. Nd1 Qb6 23. Ne3 Nxe3 24. Qxe3 Qxb2 25. c4 Qd4 26. Qxd4 cxd4 27. cxd5 Bf5 28. Rf4 Rfe8 29. Re1 Bxd3 30. Rxd4 Bf5 31. d6 Rad8 32. Bxb7 f6 33. exf6+ Kxf6 34. Rxe8 Rxe8 35. Ra4 Re1+ 36. Kf2 Rd1 37. Rxa7 Ke5 38. Ra6 Rd2+ 39. Kg1 Rd1+ 40. Kf2 Rd2+ 41. Ke3 Rxh2 42. Be4 Be6 43. Bxg6 h4 44. Be8 Rh3 45. Bb5 Rxg3+ 46. Kf2 Rg7 47. d7 Bxd7 48. Bxd7 1/2-1/2

[Event "German Bundesliga 2024-25"]
[Site "Germany"]
[Date "2024.11.30"]
[Round "3.14"]
[White "Lokander, Martin"]
[Black "Zelbel, Patrick"]
[Result "1/2-1/2"]
[Annotator "TA"]
[ECO "E92"]
[WhiteElo "2467"]
[BlackElo "2493"]
[PlyCount "107"]
[EventDate "2024.09.27"]
[EventType "team-tourn"]
[EventCountry "GER"]
[SourceTitle "playchess.com"]
[Source "ChessBase"]
[SourceQuality "1"]
[WhiteTeam "Bayern Muenchen"]
[BlackTeam "Muelheim Nord"]
[TimeControl "40/5400+30:1800+30"]

1. d4 Nf6 2. c4 g6 3. Nc3 Bg7 4. e4 d6 5. Nf3 O-O 6. Be2 e5 7. Be3 exd4 8. Nxd4 Re8 9. f3 c6 10. Qd2 d5 11. exd5 cxd5 12. O-O-O {[%emt 0:00:00] E92: King's Indian: Classical: 6 Be2 e5: 7 dxe5, 7 Be3 and Petrosian System without 7...Nbd7.} Nc6 13. g4 Bd7 $146 ({Predecessor:} 13... Nxd4 14. Bxd4 dxc4 15. h4 Be6 16. h5 Qe7 17. h6 Bh8 18. Rhe1 Rad8 19. Bxc4 Qc7 20. Bxe6 Rxe6 21. Rxe6 fxe6 {½-½ Lysyj,I (2589)-Saric,I (2689) Chessable Masters Play In rapid 2024 (7)}) 14. Nc2 Qa5 15. cxd5 Nb4 16. Nxb4 Qxb4 17. Bd4 Rac8 18. Kb1 Qa5 19. Qf4 Rxe2 20. Nxe2 (20. Bxf6 $2 Rxb2+ (20... Rxc3 21. Bxg7 Qc7 22. Qxc7 $16) 21. Kxb2 Qb6+ 22. Kc2 Bxf6 23. Rd3 $19) 20... Nxd5 21. Qd2 (21. Qd6 $16 Ba4 22. Bxg7 Bc2+ 23. Ka1 Bxd1 24. Rxd1) 21... Nb4 $11 22. a3 Bf5+ 23. gxf5 Qxf5+ 24. Ka1 Nc2+ 25. Ka2 Qe6+ $1 26. Kb1 Qb3 27. Qa5 (27. Bxa7 $2 Qxb2#) 27... Bf8 $1 28. Rc1 Rc6 29. Bc3 (29. Bxa7 $2 Nxa3+ 30. Ka1 Nc4 (30... Qxf3 $2 31. Nd4 $18) 31. Rxc4 (31. Qa2 $2 Ra6 32. Kb1 Nd2+ 33. Ka1 Rxa2#) 31... Qxc4 $19) 29... Nxa3+ 30. Qxa3 (30. Ka1 $2 Nc4 31. Qxa7 Qb5 $19 (31... Ra6+ $2 32. Qxa6 bxa6 33. Rhd1 $19)) 30... Bxa3 31. Nd4 $1 Qb6 32. Nxc6 bxc6 33. Rhe1 $1 Kf8 34. Re4 $1 f5 35. Re6 $1 Bc5 36. Rd1 Qb3 $2 (36... Qc7 $11 {and Black has nothing to worry.}) 37. Rd8+ $2 (37. Ree1 $1 $18 {White wants to mate with Rd8+.} Qb8 38. Rd7) 37... Kf7 $11 38. Rxc6 Be7 (38... Bb6 $11 {remains equal.} 39. Rd7+ Ke8) 39. Rd7 $16 Ke8 40. Rcc7 (40. Rxa7 $2 Qd1+ 41. Ka2 Qd5+ (41... Qxf3 $2 42. Rc8+ Kf7 43. Rcc7 $18) 42. Kb1 Qxc6 $19) 40... Bd8 41. Rxa7 Bb6 42. Rab7 Qb5 43. Rd6 ({Don't play} 43. Rxh7 Qd3+ 44. Ka2 Qc4+ 45. Kb1 Qd3+ 46. Ka2 Qc4+ 47. Kb1 Qd3+ $11) 43... Qf1+ 44. Kc2 Qe2+ 45. Rd2 $1 Qa6 $2 (45... Qb5 $16 {was necessary.}) 46. Rxh7 $2 (46. Rb8+ $1 $18 {and the rest is easy.} Kf7 47. Rd6 Qe2+ 48. Kb3) 46... Be3 $2 (46... Qf1 $16) 47. Rd5 $1 $18 Qe2+ {[%emt 0:02:22] [#]} 48. Kb3 $1 Qxf3 {[%emt 0:00:16] [#]} 49. Ra5 $2 ({Worse is} 49. Re5+ Kd8 $11) (49. Rd6 $1 $18 {[%cal Rd6e6] Threatens to win with Re6+.} Bg5 50. Re6+ (50. Rxg6 Qd1+ 51. Ka3 Qa1+ 52. Kb3 Qd1+ 53. Kc4 Qe2+ 54. Kb3 Qd1+ $11) 50... Kd8 51. Ka4 (51. Rxg6 Qd5+ 52. Kc2 Qe4+ 53. Kb3 Qd5+ 54. Ka4 Be7 $11) 51... Qf4+ 52. Ka3) 49... Bd4 $11 50. Rb5 Qd1+ 51. Ka3 Qa1+ 52. Kb3 Qd1+ 53. Ka3 Qa1+ 54. Kb3 1/2-1/2

[Event "German Bundesliga 2024-25"]
[Site "Germany"]
[Date "2024.11.30"]
[Round "3.15"]
[White "Vlasak, Lukas"]
[Black "Hagner, Bennet"]
[Result "0-1"]
[Annotator "RC"]
[ECO "A50"]
[WhiteElo "2458"]
[BlackElo "2352"]
[PlyCount "100"]
[EventDate "2024.09.27"]
[EventType "team-tourn"]
[EventCountry "GER"]
[SourceTitle "playchess.com"]
[Source "ChessBase"]
[SourceQuality "1"]
[WhiteTeam "Bad Mergentheim"]
[BlackTeam "Baden-Baden"]
[TimeControl "40/5400+30:1800+30"]

1. c4 Nf6 2. Nf3 b6 3. g3 Bb7 4. Bg2 g6 5. O-O Bg7 6. d4 O-O 7. d5 Na6 8. Nc3 Nc5 9. Re1 e6 10. e4 d6 11. Bg5 h6 12. Bd2 a5 13. Qc2 Re8 14. Rad1 exd5 15. cxd5 Re7 16. Bf4 Qe8 17. e5 dxe5 18. Bxe5 Qd7 19. d6 cxd6 20. Bxd6 Rxe1+ 21. Nxe1 Bxg2 22. Nxg2 Qc6 23. Ne3 Ne6 24. h4 Ne8 25. Be7 Nd4 26. Qe4 Qxe4 27. Nxe4 Ra7 28. Bd8 Rb7 29. Kg2 Nc6 30. Nc4 Bd4 31. g4 Rb8 32. Rxd4 Nxd4 33. Bxb6 Nc6 34. b3 Ne5 35. Bxa5 Nxc4 36. bxc4 Ra8 37. Bc3 Rxa2 38. g5 Ra4 39. Kf3 Rxc4 40. Be5 h5 41. Ke3 Kf8 42. Bf6 Nc7 43. Kd3 Rc1 44. Bb2 Rh1 45. Be5 Nd5 46. Bd6+ Ke8 47. Bg3 Ke7 48. Kd4 Nb6 49. Nc5 Nc8 50. Kd5 Rd1+ 0-1

[Event "German Bundesliga 2024-25"]
[Site "Germany"]
[Date "2024.11.30"]
[Round "3.15"]
[White "Feygin, Michael"]
[Black "Girel, Joseph"]
[Result "1/2-1/2"]
[Annotator "ChessBase"]
[ECO "D02"]
[WhiteElo "2448"]
[BlackElo "2486"]
[PlyCount "90"]
[EventDate "2024.09.27"]
[EventType "team-tourn"]
[EventCountry "GER"]
[SourceTitle "playchess.com"]
[Source "ChessBase"]
[SourceQuality "1"]
[WhiteTeam "Muelheim Nord"]
[BlackTeam "Bayern Muenchen"]
[TimeControl "40/5400+30:1800+30"]

1. Nf3 d5 2. d4 Nf6 3. Bf4 c5 4. e3 Nc6 5. Nbd2 e6 6. c3 Nh5 7. Be5 f6 8. Bg3 g6 9. Bd3 cxd4 10. cxd4 Be7 11. a3 O-O 12. b4 Nxg3 13. hxg3 Rf7 14. Nb3 Bf8 15. O-O a5 16. b5 Ne7 17. Re1 b6 18. Nbd2 Bb7 19. a4 Rc8 20. Rc1 Rxc1 21. Qxc1 Nf5 22. Bxf5 exf5 23. Qb2 Rc7 24. Rc1 g5 25. Ne1 Bd6 26. Rxc7 Qxc7 27. Nd3 Bc8 28. f4 Be6 29. Qc1 Qxc1+ 30. Nxc1 Kf7 31. Kf2 h6 32. Nd3 Ke7 33. Nf3 Bf7 34. Ke2 Bh5 35. Kf2 Bg4 36. Nc1 Kf7 37. Ne2 Bb4 38. Nc1 Bd6 39. Ne2 Bb4 40. Nc1 Be7 41. Ne2 Bh5 42. Nc1 Bb4 43. Nd3 Ba3 44. Ke2 Ke6 45. Kf2 Bd6 1/2-1/2

[Event "German Bundesliga 2024-25"]
[Site "Germany"]
[Date "2024.11.30"]
[Round "3.15"]
[White "Krause, Jonah"]
[Black "Meier, Georg"]
[Result "1/2-1/2"]
[Annotator "TA"]
[ECO "E11"]
[WhiteElo "2361"]
[BlackElo "2603"]
[PlyCount "51"]
[EventDate "2024.09.27"]
[EventType "team-tourn"]
[EventCountry "GER"]
[SourceTitle "playchess.com"]
[Source "ChessBase"]
[SourceQuality "1"]
[WhiteTeam "St. Pauli"]
[BlackTeam "Viernheim"]
[TimeControl "40/5400+30:1800+30"]

1. d4 e6 2. c4 Nf6 3. Nf3 Bb4+ 4. Bd2 Qe7 5. e3 b6 6. Bd3 Bb7 7. Nc3 Bxc3 8. Bxc3 Ne4 9. Rc1 d6 10. O-O Nxc3 11. Rxc3 c5 12. Bc2 O-O 13. e4 e5 14. d5 Bc8 15. Nd2 h6 16. a3 a5 17. Re3 f5 $2 {[%emt 0:07:38] [#]} (17... Nd7 $14) 18. exf5 $18 Bxf5 19. Rf3 (19. Bxf5 $18 Rxf5 20. Qg4) 19... Bxc2 $1 $14 20. Rxf8+ Qxf8 21. Qxc2 Nd7 {[%emt 0:01:52] Black is weak on the light squares} 22. Ne4 Rb8 23. Qa4 {[%emt 0:09:33] White is more active.} Nf6 24. f3 ({White should play} 24. Nc3 $14) 24... Nxe4 $11 25. fxe4 Qe8 26. Qxe8+ {[%emt 0:04:29] Weighted Error Value: White=0.17 (very precise) /Black=0.20 (precise) .  Loses game:     	---       	Black=1      Mistake:       	White=2     	---        OK:         	White=8     	Black=8      Best:        	White=1     	Black=2      Strong:       	---       	Black=1} 1/2-1/2

[Event "German Bundesliga 2024-25"]
[Site "Germany"]
[Date "2024.11.30"]
[Round "3.16"]
[White "Tarlev, Konstantin"]
[Black "Jahncke, Giso"]
[Result "1/2-1/2"]
[Annotator "ChessBase"]
[ECO "C88"]
[WhiteElo "2555"]
[BlackElo "2226"]
[PlyCount "80"]
[EventDate "2024.09.27"]
[EventType "team-tourn"]
[EventCountry "GER"]
[SourceTitle "playchess.com"]
[Source "ChessBase"]
[SourceQuality "1"]
[WhiteTeam "Viernheim"]
[BlackTeam "St. Pauli"]
[TimeControl "40/5400+30:1800+30"]

1. e4 e5 2. Nf3 Nc6 3. Bb5 a6 4. Ba4 Nf6 5. O-O Be7 6. Re1 b5 7. Bb3 O-O 8. d3 d6 9. a3 Na5 10. Ba2 c5 11. Bg5 Nc6 12. Nc3 Be6 13. Bxf6 Bxf6 14. Nd5 g6 15. b4 Bg7 16. bxc5 dxc5 17. Ne3 Rb8 18. Bxe6 fxe6 19. Nd2 Bh6 20. Nb3 Bxe3 21. Rxe3 c4 22. dxc4 Qxd1+ 23. Rxd1 bxc4 24. Nc5 Nd4 25. c3 Nc2 26. Re2 Rfd8 27. Rxd8+ Rxd8 28. h4 Nxa3 29. Ra2 Nb5 30. Rxa6 Nxc3 31. Rxe6 Ne2+ 32. Kh2 Rc8 33. Na4 c3 34. Nxc3 Rxc3 35. Rxe5 Rc2 36. h5 Nf4 37. hxg6 hxg6 38. Kg3 Nd3 39. Rg5 Nxf2 40. Rxg6+ Kf7 1/2-1/2

[Event "German Bundesliga 2024-25"]
[Site "Germany"]
[Date "2024.11.30"]
[Round "3.16"]
[White "Johansson, Linus"]
[Black "Dinstuhl, Volkmar"]
[Result "1/2-1/2"]
[Annotator "ChessBase"]
[ECO "D07"]
[WhiteElo "2412"]
[BlackElo "2380"]
[PlyCount "64"]
[EventDate "2024.09.27"]
[EventType "team-tourn"]
[EventCountry "GER"]
[SourceTitle "playchess.com"]
[Source "ChessBase"]
[SourceQuality "1"]
[WhiteTeam "Bayern Muenchen"]
[BlackTeam "Muelheim Nord"]
[TimeControl "40/5400+30:1800+30"]

1. d4 d5 2. c4 dxc4 3. e4 Nc6 4. Nf3 Nf6 5. Nc3 Bg4 6. d5 Ne5 7. Bf4 Nfd7 8. Be2 Bxf3 9. gxf3 e6 10. dxe6 fxe6 11. Bg3 Bb4 12. f4 Nd3+ 13. Bxd3 Bxc3+ 14. bxc3 cxd3 15. Qxd3 Qe7 16. O-O Nc5 17. Qc4 O-O 18. a4 Kh8 19. a5 Rad8 20. Rfd1 h6 21. Kg2 b6 22. f3 Qe8 23. Rd4 Qc6 24. Rad1 Rb8 25. axb6 axb6 26. Ra1 Ra8 27. Rxa8 Qxa8 28. Qe2 Qa1 29. Qe1 Qa3 30. f5 exf5 31. exf5 Qa2+ 32. Qd2 Qxd2+ 1/2-1/2

[Event "German Bundesliga 2024-25"]
[Site "Germany"]
[Date "2024.11.30"]
[Round "3.16"]
[White "Kocharin, Timur"]
[Black "Gasthofer, Alexander"]
[Result "1/2-1/2"]
[Annotator "RC"]
[ECO "E06"]
[WhiteElo "2245"]
[BlackElo "2388"]
[PlyCount "125"]
[EventDate "2024.09.27"]
[EventType "team-tourn"]
[EventCountry "GER"]
[SourceTitle "playchess.com"]
[Source "ChessBase"]
[SourceQuality "1"]
[WhiteTeam "Baden-Baden"]
[BlackTeam "Bad Mergentheim"]
[TimeControl "40/5400+30:1800+30"]

1. d4 d5 2. c4 e6 3. Nf3 Nf6 4. g3 Be7 5. Bg2 O-O 6. Nc3 dxc4 7. Ne5 Nc6 8. Bxc6 bxc6 9. Nxc6 Qe8 10. Nxe7+ Qxe7 11. Qa4 c5 12. dxc5 Qxc5 13. Be3 Qc7 14. f3 Bb7 15. Qa3 Ng4 16. Qc5 Qxc5 17. Bxc5 Rfc8 18. Bg1 Rd8 19. h3 Nf6 20. Be3 Nd5 21. Nxd5 Bxd5 22. Bd2 e5 23. Ba5 Rdb8 24. O-O-O Be6 25. Bc3 e4 26. fxe4 Rd8 27. g4 Rxd1+ 28. Rxd1 h6 29. Rd6 a6 30. Kd2 Ra7 31. Ke3 a5 32. Bd4 Ra8 33. a3 Kh7 34. Kf3 g5 35. Kg3 a4 36. Rc6 Kg6 37. Rc5 Kh7 38. Bc3 Kg6 39. Be5 Kh7 40. Bf6 Kg6 41. Bc3 Kh7 42. Rb5 Bd7 43. Rb6 Be6 44. Rb7 Kg6 45. Rb4 Kh7 46. Bd4 Kg6 47. Be3 Kh7 48. Rb5 Bd7 49. Rb6 Be6 50. Rb4 Kg6 51. h4 gxh4+ 52. Kxh4 Kh7 53. g5 hxg5+ 54. Kxg5 Rg8+ 55. Kf4 Ra8 56. Ke5 Kg6 57. Kd6 Bg4 58. Rxc4 Bxe2 59. Rc6 Ra6 60. Rxa6 Bxa6 61. Bd4 f6 62. Ke6 Bb7 63. Bxf6 1/2-1/2